 Dungeon Crawl Stone Soup version 0.28-a0-983-g1de4e0787c (webtiles) character file.

Game seed: 1554600837093955787

35 cheechan the Gusty (level 3, 0/21 HPs)
             Began as an Octopode Air Elementalist on Dec 2, 2021.
             Succumbed to an adder's poison
             ... on level 2 of the Dungeon.
             The game lasted 00:05:53 (1029 turns).

cheechan the Gusty (Octopode Air Elementalist)      Turns: 1029, Time: 00:05:53

Health: 0/21       AC:  1    Str:  7    XL:     3   Next: 35%
Magic:  2/6        EV: 13    Int: 19    God:
Gold:   30         SH:  0    Dex: 12    Spells: 5/6 levels left

rFire   . . .      SeeInvis .   g - +0 spear
rCold   . . .      Faith    .   (no shield)
rNeg    . . .      Spirit   .   (helmet restricted)
rPois   .          Reflect  .   (no amulet)
rElec   .          Harm     .   (no ring)
rCorr   .          Rampage  .   (no ring)
Will    .....                   (no ring)
Stlth   +++.......              (no ring)
HPRegen 0.07/turn               (no ring)
MPRegen 0.10/turn               (no ring)
                                (no ring)
                                (no ring)

@: lethally poisoned (0 -> -1)
A: almost no armour, amphibious, 8 rings, camouflage 1, gelatinous body 1,
(nimble swimmer 1), tentacles
a: no special abilities


You were on level 2 of the Dungeon.
You visited 1 branch of the dungeon, and saw 2 of its levels.

You collected 30 gold pieces.

Inventory:

Hand Weapons
 b - a +0 hunting sling
 g - a +0 spear (weapon)
Missiles
 d - 2 stones
 f - 16 bolts
Potions
 a - 2 potions of curing {unknown}
 c - a potion of flight {unknown}
 e - a potion of heal wounds {unknown}


   Skills:
 + Level 2.1 Dodging
 + Level 3.1 Stealth
 + Level 2.2 Spellcasting
 + Level 1.3 Conjurations
 + Level 3.7 Air Magic


You had 5 spell levels left.
You knew the following spells:

 Your Spells              Type           Power      Damage    Failure   Level
a - Shock                 Conj/Air       44%        1d5       6%          1

Your spell library contained the following spells:

 Spells                   Type           Power      Damage    Failure   Level
 Static Discharge         Conj/Air       11%        N/A       9%          2
 Swiftness                Air            16%        N/A       11%         3
 Passwall                 Tmut/Erth      1%         N/A       26%         2
 Airstrike                Air            8%         N/A       34%         4
 Summon Guardian Golem    Hex/Summ       2%         N/A       45%         3
 Orb of Destruction       Conj           3%         9d1       100%        7
 Spellforged Servitor     Conj/Summ      2%         N/A       100%        7


Dungeon Overview and Level Annotations

Branches:
Dungeon (2/15)

Altars:
Hepliaklqana


Innate Abilities, Weirdness & Mutations

You cannot wear most types of armour.
You are amphibious.
You can wear up to eight rings at the same time.
Your skin changes colour to match your surroundings (Stealth+).
Your rubbery body absorbs attacks. (AC +1, EV +1)
((You are camouflaged near water. (Stealth+)))
You have tentacles for arms and can constrict up to eight enemies at once.


Message History

The zap hits the adder.
The adder is moderately wounded.
You constrict the adder, but do no damage.
The adder bites you.
You are poisoned.
The adder poisons you!
Casting: Shock (safe; 6% risk of failure)
Confirm with . or Enter, or press ? or * to list all spells.
Aiming: Shock (safe; 6% risk of failure)
Press: ? - help, Shift-Dir - straight line, f/p - adder
Aim: an adder (lightly wounded, constricted by you, 89% to hit)
The zap hits the adder.
The adder is heavily wounded.
You constrict the adder.
You feel sick. The adder misses you.
Unknown command.
You release your grip on the adder.
You feel sick. The adder bites you.
You are more poisoned.
The adder poisons you! The adder closely misses you.
You feel sick. The adder bites you.
* * * LOW HITPOINT WARNING * * *
* * * LOW HITPOINT WARNING * * *
You feel sick.
* * * LOW HITPOINT WARNING * * *
You feel sick.
Casting: Shock (safe; 6% risk of failure)
Confirm with . or Enter, or press ? or * to list all spells.
Aiming: Shock (safe; 6% risk of failure)
Press: ? - help, Shift-Dir - straight line, f/p - adder
Aim: an adder (severely wounded, 48% to hit)
The zap misses the adder. x2
* * * LOW HITPOINT WARNING * * *
You feel sick. The adder misses you.
Unknown command.
Casting: Shock (safe; 6% risk of failure)
Confirm with . or Enter, or press ? or * to list all spells.
Aiming: Shock (safe; 6% risk of failure)
Press: ? - help, Shift-Dir - straight line, f/p - adder
Aim: an adder (severely wounded, 48% to hit)
The zap misses the adder. x2
You die...

## #.##..## .# #.##...#
........ .# #.#..#.######
#..⌠P≈≈≈ .# #...##......##
#..≈P..
.###..########..####....#
..##..# #######...#...⌠.#
#.....# ..............≈.####
........##......S#....⌠.....
###..#..........@S....⌠⌠≈P⌠⌠
......#..#.########.......
..#.####.##. ...#... ...#..
. # ..... # ##..##. ...#.#
##. .. _... .. ...#. .
...#.#


You could see 2 adders.

Vanquished Creatures
  2 adders (D:2)
  2 ball pythons (D:1)
  2 bats (D:1)
  2 giant cockroaches (D:1)
  A hobgoblin (D:1)
  A frilled lizard (D:2)
  3 goblins
  A kobold (D:1)
  4 rats (D:1)
18 creatures vanquished.

Notes
Turn   | Place    | Note
-------+----------+-------------------------------------------
     0 | D:1      | cheechan the Octopode Air Elementalist began the quest for
                  | the Orb.
     0 | D:1      | Reached XP level 1. HP: 11/11 MP: 3/3
   279 | D:1      | Reached XP level 2. HP: 17/17 MP: 1/5
   822 | D:2      | Reached XP level 3. HP: 14/21 MP: 2/6
  1020 | D:2      | Found a hazy altar of Hepliaklqana.
  1028 | D:2      | HP: 1/21 [poisoned by an adder]
  1029 | D:2      | Succumbed to an adder's poison

Illustrated notes

Levels and vault maps discovered:
D:1:      minmay_arrival_wavy_path, layout_rooms, hangedman_decor_opposing
D:2:      layout_rooms, shapermc_ecumenical_altar_acropolis, basic_altar,
          minmay_crystal_room, kennysheep_generic_room_4

Skill      XL: |  1  2 |
---------------+-------+-----
Stealth        | 3 |  3.1
Dodging        | |  2.1
Spellcasting   | |  2.2
Conjurations   | |  1.3
Air Magic      | |  3.7

Action                   || total
-------------------------++-------
Melee: Dagger            ||    11
       Unarmed           ||     3
       Constrict         ||     5
       Tentacles         ||     2
       Spear             ||     1
 Cast: Shock             ||    33
  Use: Scroll            ||     2
Armor: Skin              ||     3
Dodge: Dodged            ||    28

Table legend: (Time is in decaauts)
 A = Elapsed time spent in this place.
 B = Non-inter-level travel time spent in this place.
 C = Inter-level travel time spent in this place.
 D = Time resting spent in this place.
 E = Time spent auto-exploring this place.
 F = Levels seen in this place.
 G = Mean time per level.
                   A        B        C        D        E       F      G
               +--------+--------+--------+--------+--------+-----+--------+
         Total |   1027 |   1027 |      0 |     38 |      0 |   2 |  513.5 |
       Dungeon |   1027 |   1027 |      0 |     38 |      0 |   2 |  513.5 |
               +--------+--------+--------+--------+--------+-----+--------+

Top non-repeatable levels by time:
     D:1: 770 daAuts
     D:2: 257 daAuts
